 Dungeon Crawl Stone Soup version 0.27-a0-1140-g099f9bb0e8 (webtiles) character file.

Game seed: 11022281719700183487

388854 wakim the Impregnable (level 22, -2/210 HPs)
             Began as a Minotaur Fighter on May 9, 2021.
             Was a High Priest of Trog.
             Slain by a vampire knight
             ... wielding a +2 long sword of electrocution
              (19 damage)
             ... on level 3 of the Depths on May 10, 2021.
             The game lasted 03:01:32 (52708 turns).

wakim the Impregnable (Minotaur Fighter)           Turns: 52708, Time: 03:01:33

Health: -2/210     AC: 32    Str: 30    XL:     22   Next: 5%
Magic:  21/21      EV: 16    Int:  5    God:    Trog [*****.]
Gold:   591        SH: 42    Dex: 20    Spells: 21/21 levels left

rFire    + + .     SeeInvis .   a - +9 eveningstar (vorpal)
rCold    + + .     Faith    .   i - +12 tower shield "Ysulesuj" {Will+}
rNeg     . . .     Spirit   .   b - +4 plate armour {rF+}
rPois    +         Reflect  +   k - +0 hat of Levity {rF+ Str+2 Dex+4}
rElec    +         Harm     .   u - scarf {rC+ rF+}
rCorr    .         Rampage  +   n - +2 pair of gloves
Will     ++...                  V - +2 pair of boots {rampage}
Stlth    ..........             o - amulet of reflection
HPRegen  0.45/turn              d - ring "Irupneum" {Ice rElec Dex+3 Stlth+}
MPRegen  0.17/turn              D - ring of poison resistance

@: studying Stealth
A: horns 2, retaliatory headbutt
}: 2/15 runes: decaying, gossamer
a: Renounce Religion, Berserk, Trog's Hand, Brothers in Arms


You were on level 3 of the Depths.
You worshipped Trog.
Trog was extremely pleased with you.
You visited 8 branches of the dungeon, and saw 40 of its levels.
You visited the Abyss 1 time.
You visited 1 bazaar.
You also visited: Ossuary, Bailey, Gauntlet and Ice Cave.

You collected 5448 gold pieces.
You spent 4857 gold pieces at shops.

Inventory:

Hand Weapons
 a - a +9 vorpal eveningstar (weapon)
Missiles
 e - 14 curare-tipped darts {=f}
 f - 88 boomerangs (quivered)
 h - 12 silver javelins
 j - a throwing net {=f!f}
 l - 5 silver boomerangs
 q - 5 javelins
 I - 4 atropa-tipped darts
Armour
 b - a +4 plate armour of fire resistance (worn)
 i - the +12 tower shield "Ysulesuj" (worn) {Will+}
   (You acquired it on level 2 of the Depths)

   It increases your willpower.
 k - the +0 hat of Levity (worn) {rF+ Str+2 Dex+4}
   (You acquired it on level 6 of the Dungeon)

   It affects your strength (+2).
   It affects your dexterity (+4).
   It protects you from fire.
 n - a +2 pair of gloves (worn)
 s - the +1 chain mail "Melaekom" {rElec rC+}
   (You took it off a rakshasa on level 2 of the Depths)

   It protects you from cold.
   It insulates you from electricity.
 u - a scarf of resistance (worn)
 v - the +18 shield of the Gong {rElec rN+ Will+ EV-5}
   (You bought it in a shop on level 2 of the Orcish Mines)

   It affects your evasion (-5).
   It insulates you from electricity.
   It protects you from negative energy.
   It increases your willpower.
 V - a +2 pair of boots of rampaging (worn)
Jewellery
 c - an amulet of regeneration
 d - the ring "Irupneum" (left hand) {Ice rElec Dex+3 Stlth+}
   (You found it in a Gauntlet)

   [ring of ice]

   It enhances your ice magic.
   It affects your dexterity (+3).
   It makes you vulnerable to fire.
   It protects you from cold.
   It insulates you from electricity.
   It makes you more stealthy.
 g - a ring of positive energy
 m - a ring of willpower
 o - an amulet of reflection (around neck)
 D - a ring of poison resistance (right hand)
 L - a ring of see invisible
Wands
 t - a wand of digging (5)
 y - a wand of paralysis (20)
Scrolls
 p - 11 scrolls of enchant armour
 r - 4 scrolls of identify
 w - a scroll of brand weapon
 R - 7 scrolls of magic mapping {!r}
 S - 2 scrolls of summoning
 T - 12 scrolls of teleportation
 U - 3 scrolls of fear
 W - 4 scrolls of holy word
 X - a scroll of fog
 Y - 4 scrolls of blinking {!r}
 Z - a scroll of silence {!r}
Potions
 A - a potion of ambrosia
 B - 5 potions of attraction {!q}
 C - 4 potions of berserk rage {!q}
 E - 3 potions of cancellation
 F - 14 potions of curing
 G - 4 potions of flight
 H - 9 potions of haste
 J - 8 potions of heal wounds
 K - 9 potions of magic
 M - 2 potions of mutation {!q}
 N - 6 potions of might
 O - 4 potions of resistance
 Q - 3 potions of invisibility


   Skills:
 * Level 20.3 Fighting
 + Level 18.0 Maces & Flails
 + Level 14.2 Throwing
 * Level 22.4 Armour
 + Level 14.1 Dodging
 * Level 19.8 Shields


You had 21 spell levels left.
You didn't know any spells.
Your spell library was empty.

Dungeon Overview and Level Annotations

Branches:
Dungeon (15/15)            Temple (1/1) D:5            Lair (6/6) D:9
  Swamp (4/4) Lair:4       Spider (4/4) Lair:3        Slime (0/5) Lair:6
    Orc (2/2) D:9             Elf (0/3) Orc:2        Vaults (5/5) D:14
  Crypt (0/3) Vaults:2     Depths (3/5) D:15        Ossuary (visited)
 Bailey (visited)           IceCv (visited)         Gauntlet (visited)

Altars:
Ashenzari
Cheibriados
Dithmenos
Elyvilon
Fedhas
Gozag
Kikubaaqudgha
Makhleb
Nemelex Xobeh
Trog
Vehumet
Wu Jian
Xom
Yredelemnul
Zin
The Shining One
Beogh
Jiyva

Shops:
D:8 *   D:15 !(=[   Orc:2 [=(*   Vaults:1 *   Vaults:2 (

Portals:
Hell: Depths:1 Depths:2
Abyss: D:5
Pandemonium: Depths:1

Annotations:
Spider:1 2 transporters, exclusion: orange crystal statue
Vaults:2 1 runed translucent door, Putsipo's ghost, veteran GrGl


Innate Abilities, Weirdness & Mutations

You have a pair of horns on your head.
You reflexively headbutt those who attack you in melee.


Message History

* * * LOW HITPOINT WARNING * * *
Something bites you!
* * * LOW HITPOINT WARNING * * *
Something draws strength from your injuries!
The spriggan air mage hits you but does no damage.
Something hits you!
* * * LOW HITPOINT WARNING * * *
Something bites you but does no damage. Something hits you!
* * * LOW HITPOINT WARNING * * *
Something bites you.
* * * LOW HITPOINT WARNING * * *
Something draws strength from your injuries!
The fire giant hits you with a +0 great sword of flaming!
* * * LOW HITPOINT WARNING * * *
The fire giant burns you.
* * * LOW HITPOINT WARNING * * *
The spriggan air mage hits you.
* * * LOW HITPOINT WARNING * * *
You can move again.
You completely miss the spriggan air mage.
Your headbutt misses the spriggan air mage.
The spriggan air mage is heavily wounded.
Something hits you but does no damage. Something bites you but does no damage.
The fire giant points at you and mumbles some strange words.
The bolt of fire hits you! You resist.
* * * LOW HITPOINT WARNING * * *
You block the spriggan air mage's attack.
You block something's attack. x2
You feel much better. You block something's attack. x2
You block the fire giant's attack.
You block the spriggan air mage's attack.
The spriggan air mage waves its arms in wide circles.
The air twists around and strikes you!
* * * LOW HITPOINT WARNING * * *
There is a stone staircase leading up, spattered with blood here.
Something hits you but does no damage. Something bites you but does no damage.
The spriggan air mage waves its arms in wide circles.
The air twists around and strikes you. Something hits you!!
You die...

#.......#
.##.......#
...........#
#..........#
...........#
.........[.#
..........#######
........C.......#
#...#..@).......#
. #..[i........
#............ ..
##....D...#.. ...
##........# .
...###...........
..............[..
###.........###.#
. ##.......##


You could see a fire giant, an ice dragon and a spriggan air mage (repels
missiles).

Vanquished Creatures
  Frederick (Vaults:3)
  Sojobo (Depths:2)
  Nikola (Vaults:2)
  Arachne (Spider:4)
  Asterion (Depths:2)
  2 liches (Depths:2)
  The ghost of Biycvit the Frost Mage, an adept HuIE of Dithmenos (Swamp:3)
  2 sphinxes
  5 thorn hunters (Swamp:4)
  A tentacled starspawn (Abyss:3)
  3 tengu reavers (Depths:1)
  Donald (Spider:1)
  Roxanne (D:14)
  2 frost giants
  A fenstrider witch (Swamp:2)
  5 fire giants
  11 vault wardens
  5 ghost moths (Spider:4)
  4 emperor scorpions (Spider:4)
  3 orc warlords
  7 ironbound preservers
  2 war gargoyles (Vaults:4)
  10 stone giants
  4 very ugly things
  The ghost of Buonn the Severer, a journeyman DDFi of Makhleb (Swamp:2)
  The ghost of Boczoxzokh the Severer, a journeyman DDFi of Makhleb (Swamp:2)
  The ghost of Buonn the Severer, a journeyman DDFi of Makhleb (Swamp:2)
  A green draconian (Abyss:3)
  3 vampire knights
  The ghost of Aqicix the Destroyer, a journeyman DgCj (Swamp:2)
  2 dire elephants
  6 entropy weavers
  The ghost of PanSaczeczos the Thaumaturge, a journeyman GnAE of Hepliaklqana (Lair:5)
  8 spark wasps
  5 bunyips
  10 eleionomae
  2 crystal guardians (Vaults:2)
  A minotaur (Gauntlet)
  2 blizzard demons (IceCv)
  3 ettins
  7 fire dragons
  11 yaktaur captains
  5 ironbound thunderhulks
  8 great orbs of eyes
  6 ice dragons
  5 rakshasas
  23 vault guards
  2 spriggan air magi (Depths:2)
  An ogre mage (Vaults:4)
  3 peacekeepers
  A catoblepas (D:15)
  17 hydras
  7 boulder beetles
  2 ghost crabs (Swamp:2)
  5 ironbound frosthearts
  2 two-headed ogres (D:11)
  5 tengu warriors
  13 centaur warriors
  A dancing weapon (Lair:5)
  A death knight (Abyss:3)
  2 deep troll earth magi (Depths:2)
  3 deep troll shamans (Depths:2)
  10 alligators
  A vampire mage (Depths:1)
  A death yak (Lair:4)
  5 spriggan berserkers
  3 thrashing horrors (Abyss:3)
  4 ironbound beastmasters
  Urug (Lair:2)
  3 hell hogs
  5 hell knights
  An orc high priest (Orc:2)
  A soul eater (Depths:1)
  2 iron trolls (Depths:2)
  2 skeletal warriors (Depths:3)
  3 goliath frogs
  A death drake (Swamp:3)
  3 flayed ghosts
  2 glowing orange brains
  28 deep trolls
  6 bog bodies
  4 spriggan druids
  11 swamp dragons
  7 wizards
  A swamp dragon (shapeshifter) (Vaults:4)
  5 spectral hydras (Swamp:4)
  2 phantasmal warriors
  2 necromancers
  5 lindwurms
  18 ironbound convokers
  4 deep elf pyromancers
  12 orb spiders
  The ghost of davidhughjones the Skirmisher, a novice HuFi of Dithmenos (D:5)
  A sphinx zombie (Vaults:2)
  14 orc knights
  A harpy (Vaults:1)
  3 oklob plants (Swamp:4)
  6 will-o-the-wisps
  57 ugly things
  A salamander (Depths:1)
  2 cyclopes
  18 wolf spiders
  2 orc sorcerers (Orc:2)
  5 manticores
  A manticore (shapeshifter) (Depths:1)
  3 moths of wrath
  6 ice statues
  9 vault sentinels
  5 elephants (Lair:5)
  A toenail golem (D:5)
  An orange demon (Abyss:3)
  8 black mambas
  A human skeleton (Vaults:2)
  6 torpor snails
  26 cane toads
  3 smoke demons
  Maggie (D:9)
  44 yaktaurs
  An anaconda simulacrum (IceCv)
  A kobold demonologist (D:13)
  11 demonic crawlers
  4 rime drakes (Lair:4)
  3 freezing wraiths
  A tormentor (Depths:1)
  4 hydra zombies (Swamp:4)
  2 ancient zymes (Abyss:3)
  9 komodo dragons
  An efreet (D:13)
  13 ice devils
  A yaktaur (shapeshifter) (Depths:2)
  4 tengu conjurers
  3 unseen horrors
  2 elf skeletons (Vaults:2)
  A red devil (Depths:1)
  2 polar bears (Lair:6)
  A jumping spider (shapeshifter) (D:15)
  9 trolls
  16 tyrant leeches
  2 death drake zombies (Swamp:4)
  16 jumping spiders
  A bloated husk (Swamp:3)
  A polar bear (shapeshifter) (D:14)
  17 hornets
  8 raiju (Abyss:3)
  13 blink frogs
  A death drake skeleton (Swamp:4)
  A hydra skeleton (Swamp:4)
  33 slime creatures
  5 dream sheep
  A centaur simulacrum (D:15)
  A ynoxinul (Depths:1)
  59 redbacks
  2 dire elephant simulacra (IceCv)
  13 wyverns
  48 yaks
  24 tarantellas
  2 wraiths
  9 spriggans
  A shadow (D:13)
  Grum (Lair:1)
  A vampire (D:12)
  12 basilisks
  2 neqoxecs
  19 vampire mosquitoes
  4 chaos spawn
  Edmund (D:5)
  7 swamp worms
  2 wargs (Orc:2)
  An iron troll simulacrum (IceCv)
  A two-headed ogre zombie (D:9)
  6 hydra simulacra
  2 acid dragons (D:12)
  13 water moccasins
  A floating eye (Depths:2)
  A harpy simulacrum (IceCv)
  A hell hound (Lair:4)
  Duvessa (D:6)
  A hornet zombie (D:6)
  32 orc warriors
  A sky beast (D:5)
  3 black bears
  4 swamp drakes
  3 swamp dragon zombies (Swamp:4)
  2 ice beasts
  A human zombie (Vaults:2)
  A necrophage (D:7)
  18 wolves
  8 ogres
  15 centaurs
  A phantom (D:9)
  23 bullfrogs
  4 small abominations
  2 kobold brigands
  3 scorpions
  A gnoll sergeant (D:7)
  Dowan (D:6)
  A water moccasin skeleton (D:6)
  3 troll zombies (D:9)
  14 killer bees
  8 electric eels
  5 wights (D:6)
  4 howler monkeys
  A bullfrog zombie (D:7)
  A bullfrog skeleton (D:5)
  A centaur zombie (D:10)
  8 hounds
  5 jellies
  23 orc priests
  A centaur skeleton (D:5)
  2 iguanas
  4 hell rats (Lair:4)
  21 orc wizards
  Terence (D:3)
  2 killer bee zombies (D:7)
  4 ogre zombies (D:9)
  A hound zombie (D:5)
  A hound skeleton (D:4)
  A mummy (Ossuary)
  Robin (D:3)
  A howler monkey zombie (D:9)
  17 gnolls
  3 adders
  2 ufetubi
  An adder skeleton (D:4)
  A worm (D:4)
  73 orcs
  A spectral bat (Ossuary)
  12 endoplasms
  3 giant cockroaches
  12 gnoll zombies (Ossuary)
  15 hobgoblins
  A jackal (D:3)
  23 kobolds
  A quokka (D:3)
  7 ball pythons
  8 bats
  3 bat simulacra (Ossuary)
  5 frilled lizards
  11 goblins
  7 goblin simulacra (Ossuary)
  A goblin skeleton (D:9)
  14 goblin zombies
  A hobgoblin skeleton (D:9)
  5 hobgoblin zombies
  A jackal skeleton (D:4)
  2 kobold simulacra (Ossuary)
  5 kobold zombies (Ossuary)
  2 orc skeletons (D:9)
  15 orc zombies
  2 rats
  2 spectral goblins (Ossuary)
  3 spectral kobolds (Ossuary)
  2 spectral rats (Ossuary)
1554 creatures vanquished.

Vanquished Creatures (collateral kills)
  2 deep trolls (Vaults:3)
  A bog body (Swamp:2)
  2 swamp dragons (Swamp:2)
  A slime creature (Vaults:3)
6 creatures vanquished.

Vanquished Creatures (others)
  A bunyip (Swamp:3)
  An alligator (Swamp:2)
  A tyrant leech (Swamp:2)
  3 bloated husks
  A shadow (D:9)
  A vampire mosquito (Swamp:1)
  A large abomination (Abyss:3)
  A swamp worm (Swamp:1)
  2 swamp drakes (Swamp:1)
  An orc warrior (Orc:2)
  An orc priest (Orc:2)
  A shadow imp (Abyss:3)
  2 briar patches (Swamp:4)
  4 demonic plants (Gauntlet)
  50 foxfires
  17 fungi
  130 plants
218 creatures vanquished.

Grand Total: 1778 creatures vanquished

Notes
Turn   | Place    | Note
-------+----------+-------------------------------------------
     0 | D:1      | wakim the Minotaur Fighter began the quest for the Orb.
     0 | D:1      | Reached XP level 1. HP: 19/19 MP: 0/0
   181 | D:1      | Found a faded altar of an unknown god.
   190 | D:1      | Became a worshipper of Trog the Wrathful
   190 | D:1      | Reached * piety under Trog
   361 | D:1      | Reached XP level 2. HP: 27/27 MP: 1/1
   605 | D:1      | You fall into a shaft and drop 1 floor!
   617 | D:2      | Reached skill level 4 in Armour
   664 | D:2      | Reached XP level 3. HP: 26/33 MP: 2/2
   866 | D:2      | Noticed an ogre
   874 | D:2      | Killed an ogre
   875 | D:2      | Reached XP level 4. HP: 37/40 MP: 3/3
  1258 | D:1      | Reached ** piety under Trog
  2244 | D:3      | Noticed Robin
  2255 | D:3      | Killed Robin
  2256 | D:3      | Reached skill level 5 in Armour
  2256 | D:3      | Reached XP level 5. HP: 47/47 MP: 4/4
  2261 | D:3      | Noticed Terence
  2264 | D:3      | Killed Terence
  2970 | D:3      | Reached XP level 6. HP: 41/53 MP: 5/5
  3114 | D:4      | Reached skill level 5 in Maces & Flails
  3811 | D:5      | Entered Level 5 of the Dungeon
  3839 | D:5      | Found a staircase to the Ecumenical Temple.
  3847 | D:5      | Reached *** piety under Trog
  3848 | D:5      | Reached skill level 5 in Fighting
  3848 | D:5      | Reached skill level 6 in Armour
  3857 | D:5      | Reached skill level 5 in Shields
  3871 | Temple   | Entered the Ecumenical Temple
  3986 | D:5      | Reached XP level 7. HP: 61/61 MP: 6/6
  4206 | D:5      | Reached skill level 7 in Armour
  4521 | D:5      | Found a transporter.
  4572 | D:5      | Found a one-way gate to the infinite horrors of the Abyss.
  4572 | D:5      | Noticed davidhughjones's ghost (novice HuFi)
  4573 | D:5      | Noticed a small abomination
  4596 | D:5      | Reached XP level 8. HP: 58/70 MP: 7/7
  4657 | D:5      | Noticed a toenail golem
  4708 | D:5      | Found a transporter.
  5341 | D:6      | Reached skill level 8 in Armour
  5385 | D:6      | Noticed Edmund
  5425 | D:5      | Killed Edmund
  5490 | D:6      | Identified a scroll of acquirement
  5490 | D:6      | Acquired the +0 hat of Levity {rF+ Str+2 Dex+4}
  5771 | D:6      | Identified the +1 robe of Living Contentment {Regen+ Str+7
                  | Stlth-}
  5916 | D:6      | Reached XP level 9. HP: 69/78 MP: 8/8
  5920 | D:6      | Reached skill level 9 in Armour
  6069 | D:6      | Reached **** piety under Trog
  6097 | D:6      | Noticed Duvessa
  6098 | D:6      | Noticed Dowan
  6107 | D:6      | Killed Duvessa
  6122 | D:6      | Killed Dowan
  6850 | D:7      | Reached skill level 10 in Armour
  7221 | D:7      | Found a glowing golden altar of the Shining One.
  7269 | D:8      | Reached skill level 10 in Maces & Flails
  7285 | D:8      | Found Ruxophotz's General Store.
  7324 | D:8      | Found a sand-covered staircase.
  7391 | Ossuary  | Entered an ossuary
  7693 | Ossuary  | Reached ***** piety under Trog
  7857 | D:8      | Received a gift from Trog
  8173 | D:8      | Reached XP level 10. HP: 79/88 MP: 9/9
  8450 | D:9      | Reached skill level 11 in Armour
  8858 | D:9      | Found a staircase to the Orcish Mines.
  9060 | D:9      | Noticed Maggie
  9103 | D:9      | Killed Maggie
  9104 | D:9      | Reached skill level 1 in Throwing
  9679 | D:9      | Found a staircase to the Lair.
 10326 | D:10     | Entered Level 10 of the Dungeon
 10354 | D:9      | Reached XP level 11. HP: 73/97 MP: 10/10
 11815 | Lair:1   | Entered Level 1 of the Lair of Beasts
 11815 | Lair:1   | Noticed Grum
 12391 | Lair:1   | Killed Grum
 12392 | Lair:1   | Reached skill level 12 in Armour
 12723 | Lair:1   | Noticed a seven-headed hydra
 12735 | Lair:1   | Killed a seven-headed hydra
 13248 | Lair:2   | Noticed a four-headed hydra
 13261 | Lair:2   | Killed a four-headed hydra
 13442 | Lair:2   | Noticed Urug
 13477 | Lair:1   | Reached skill level 10 in Shields
 13490 | Lair:1   | Reached skill level 10 in Fighting
 13882 | Lair:2   | Killed Urug
 15130 | Lair:3   | Found a gate leading to a gauntlet.
 15152 | Lair:3   | Reached XP level 12. HP: 81/106 MP: 11/11
 15166 | Gauntlet | Entered a Gauntlet
 15166 | Gauntlet | Found a transporter.
 15166 | Gauntlet | Found a transporter.
 15258 | Gauntlet | Found a transporter.
 15273 | Gauntlet | Found a transporter.
 15273 | Gauntlet | Found a transporter.
 15275 | Gauntlet | Found a transporter.
 15275 | Gauntlet | Found a transporter.
 15277 | Gauntlet | Found a transporter.
 15287 | Gauntlet | Found a transporter.
 15300 | Gauntlet | Found a transporter.
 15312 | Gauntlet | Found a runed translucent door.
 15313 | Gauntlet | Found a transporter.
 15314 | Gauntlet | Found a runed translucent door.
 15315 | Gauntlet | Noticed an entropy weaver
 15327 | Gauntlet | Found a transporter.
 15427 | Gauntlet | Found a transporter.
 15451 | Gauntlet | Found a transporter.
 15513 | Gauntlet | Reached skill level 1 in Dodging
 15596 | Gauntlet | Identified the ring "Irupneum" {Ice rElec Dex+3 Stlth+}
 15601 | Gauntlet | Noticed a minotaur
 15609 | Gauntlet | Killed a minotaur
 15719 | Lair:3   | Reached skill level 13 in Armour
 15964 | Lair:3   | Reached skill level 5 in Throwing
 16250 | Lair:3   | Found a hole to the Spider Nest.
 16404 | Lair:4   | Noticed a five-headed hydra
 16413 | Lair:4   | Killed a five-headed hydra
 17116 | Lair:4   | Found a staircase to the Swamp.
 17121 | Lair:4   | Reached XP level 13. HP: 116/116 MP: 12/12
 17527 | Lair:4   | Reached skill level 14 in Armour
 17586 | Lair:4   | Received a gift from Trog
 17928 | Lair:5   | Found a runed translucent door.
 17928 | Lair:5   | Found a shimmering altar of Xom.
 17928 | Lair:5   | Noticed PanSaczeczos's ghost (journeyman GnAE)
 18164 | D:5      | Killed davidhughjones's ghost
 18375 | Lair:4   | Reached skill level 15 in Maces & Flails
 18445 | Lair:5   | Reached skill level 5 in Dodging
 19155 | Lair:6   | Entered Level 6 of the Lair of Beasts
 19550 | Lair:6   | Reached skill level 15 in Armour
 19580 | Lair:6   | Reached XP level 14. HP: 96/125 MP: 13/13
 19996 | Lair:6   | Found a runed translucent door.
 20221 | Lair:6   | Found a viscous altar of Jiyva.
 20223 | Lair:6   | Found a staircase to the Slime Pits.
 20948 | D:11     | Found a flagged portal.
 20963 | Bailey   | Entered a bailey
 21105 | Bailey   | Received a gift from Trog
 21635 | D:11     | Reached XP level 15. HP: 134/134 MP: 14/14
 21671 | D:11     | Reached skill level 16 in Armour
 24148 | D:14     | Noticed Roxanne
 24228 | D:14     | Killed Roxanne
 24510 | D:14     | Received a gift from Trog
 24834 | D:14     | Reached skill level 17 in Armour
 24838 | D:14     | Reached XP level 16. HP: 83/143 MP: 15/15
 25063 | D:14     | Found a gate to the Vaults.
 25167 | D:15     | Entered Level 15 of the Dungeon
 25388 | D:15     | Found Baohauta's Armour Shoppe.
 25413 | D:15     | Bought a +2 pair of boots of rampaging for 279 gold pieces
 25482 | D:15     | Found Xoejeuro's Weapon Boutique.
 25827 | D:15     | Found Ijaum's Jewellery Shop.
 25967 | D:15     | Found a staircase to the Depths.
 26092 | D:15     | Found Iveyjew's Distillery.
 26103 | D:15     | Bought a potion of heal wounds for 75 gold pieces
 26103 | D:15     | Bought a potion of heal wounds for 75 gold pieces
 26103 | D:15     | Bought a potion of berserk rage for 75 gold pieces
 26103 | D:15     | Bought a potion of invisibility for 120 gold pieces
 26761 | Orc:1    | Entered Level 1 of the Orcish Mines
 27093 | Orc:2    | Entered Level 2 of the Orcish Mines
 27935 | Orc:2    | Found a staircase to the Elven Halls.
 28096 | Orc:2    | Identified the +7 hand axe "Taonnio" {vorpal, +Blink rPois
                  | Int-5 Stlth+} (Trog gifted it to you on level 2 of the
                  | Orcish Mines)
 28096 | Orc:2    | Received a gift from Trog
 28138 | Orc:2    | Found Viymp's Jewellery Shop.
 28172 | Orc:2    | Found Olima's General Store.
 28212 | Orc:2    | Found Cimit's Antique Armour Shop.
 28230 | Orc:2    | Found Logaonun's Antique Weapon Shop.
 28253 | Orc:2    | Bought a pair of distressingly furry gloves for 323 gold
                  | pieces
 28253 | Orc:2    | Identified the -3 pair of gloves of Tomorrow {+Blink rPois
                  | rC+} (You bought it in a shop on level 2 of the Orcish
                  | Mines)
 28739 | Swamp:1  | Entered Level 1 of the Swamp
 29266 | Swamp:1  | Reached skill level 10 in Throwing
 29905 | Lair:5   | Killed PanSaczeczos's ghost
 29991 | Swamp:2  | Reached skill level 18 in Armour
 30148 | Swamp:2  | Found an ancient bone altar of Kikubaaqudgha.
 30165 | Swamp:2  | Reached skill level 10 in Dodging
 30355 | Swamp:2  | Reached XP level 17. HP: 129/154 MP: 16/16
 30361 | Swamp:2  | Found a frozen archway.
 30409 | IceCv    | Entered an ice cave
 30647 | IceCv    | Received a gift from Trog
 30981 | IceCv    | Reached skill level 15 in Fighting
 31210 | IceCv    | Identified the +1 hand crossbow "Ydiyr" {flame, rElec rPois
                  | rCorr Int-3}
 31212 | IceCv    | Identified the +1 robe of Cegazic {rN+}
 31712 | Swamp:2  | Acquired 1155 gold pieces
 32160 | Swamp:3  | Noticed Buonn's ghost (journeyman DDFi)
 32160 | Swamp:3  | Noticed Aqicix's ghost (journeyman DgCj)
 32161 | Swamp:3  | Found a runed translucent gate.
 32161 | Swamp:3  | Noticed Boczoxzokh's ghost (journeyman DDFi)
 32162 | Swamp:3  | Found a runed translucent gate.
 32162 | Swamp:3  | Found a runed translucent gate.
 32162 | Swamp:3  | Noticed Biycvit's ghost (adept HuIE)
 32162 | Swamp:3  | Noticed Buonn's ghost (journeyman DDFi)
 32210 | Swamp:2  | Killed Buonn's ghost
 32444 | Swamp:2  | Killed Boczoxzokh's ghost
 32454 | Swamp:2  | Killed Buonn's ghost
 32467 | Swamp:2  | Killed Aqicix's ghost
 32503 | Swamp:3  | Killed Biycvit's ghost
 33295 | Swamp:4  | Entered Level 4 of the Swamp
 33333 | Swamp:4  | Reached skill level 15 in Shields
 34115 | Swamp:4  | Reached skill level 19 in Armour
 34271 | Swamp:4  | Paralysed by a vampire knight for 5 turns
 34701 | Swamp:4  | Reached XP level 18. HP: 156/166 MP: 17/17
 34923 | Swamp:4  | Received a gift from Trog
 35008 | Swamp:4  | Found a blossoming altar of Fedhas.
 35352 | Swamp:4  | Found a basalt altar of Yredelemnul.
 35696 | Swamp:4  | Got a decaying rune of Zot
 35852 | Spider:1 | Entered Level 1 of the Spider Nest
 36017 | Spider:1 | Found a transporter.
 36050 | Spider:1 | Identified the +10 mace of Butchery {distort, rN++}
 36149 | Spider:1 | Found a transporter.
 36385 | Orc:2    | Bought the +18 shield of the Gong {rElec rN+ Will+ EV-5}
                  | for 3308 gold pieces
 36385 | Orc:2    | Found the +18 shield of the Gong {rElec rN+ Will+ EV-5}
 36546 | Spider:1 | Noticed Donald
 36563 | Spider:1 | Killed Donald
 36999 | Spider:2 | Reached ****** piety under Trog
 37454 | Spider:3 | Received a gift from Trog
 38046 | Spider:4 | Entered Level 4 of the Spider Nest
 38895 | Spider:4 | Reached skill level 20 in Armour
 38896 | Spider:4 | Noticed Arachne
 38924 | Spider:4 | Killed Arachne
 38925 | Spider:4 | Reached XP level 19. HP: 154/177 MP: 1/18
 39406 | Spider:4 | Got a gossamer rune of Zot
 39974 | Depths:1 | Entered Level 1 of the Depths
 40326 | Vaults:1 | Entered Level 1 of the Vaults
 40413 | Vaults:1 | Received a gift from Trog
 41277 | Vaults:1 | Found Omachiga's Assorted Antiques.
 42125 | Vaults:2 | Received a gift from Trog
 42800 | Vaults:2 | Noticed Nikola
 42812 | Vaults:2 | Killed Nikola
 42923 | Vaults:2 | Reached XP level 20. HP: 189/189 MP: 19/19
 43321 | Vaults:2 | Found Asonwokh's Weapon Shoppe.
 43358 | Vaults:2 | Found an ancient bone altar of Kikubaaqudgha.
 43360 | Vaults:2 | Found a staircase to the Crypt.
 43361 | Vaults:2 | Found a basalt altar of Yredelemnul.
 43971 | Vaults:2 | Found a runed translucent door.
 43971 | Vaults:2 | Found a shimmering altar of Xom.
 43971 | Vaults:2 | Noticed Putsipo's ghost (veteran GrGl)
 44044 | Vaults:3 | Received a gift from Trog
 44282 | Vaults:3 | Noticed Frederick
 44293 | Vaults:3 | Reached skill level 21 in Armour
 44300 | Vaults:3 | Killed Frederick
 44829 | Vaults:3 | Cast into level 3 of the Abyss (a wizard)
 44911 | Abyss:3  | Received a gift from Trog
 44970 | Vaults:3 | Escaped the Abyss
 46392 | Vaults:4 | Received a gift from Trog
 46672 | Vaults:4 | Reached XP level 21. HP: 198/198 MP: 20/20
 46931 | Vaults:4 | Found a gateway to a bazaar.
 47117 | Bazaar   | Entered a bazaar
 47117 | Bazaar   | Found Leresug's Antique Weapon Shop.
 47117 | Bazaar   | Found Wuin Vio's Antique Armour Shop.
 47141 | Bazaar   | Found Ushiu's Distillery.
 47187 | Bazaar   | Bought a potion of haste for 140 gold pieces
 47187 | Bazaar   | Bought a potion of mutation for 112 gold pieces
 47187 | Bazaar   | Bought a potion of resistance for 140 gold pieces
 47187 | Bazaar   | Bought a potion of heal wounds for 70 gold pieces
 47187 | Bazaar   | Bought a potion of haste for 140 gold pieces
 47826 | Vaults:5 | Entered Level 5 of the Vaults
 48556 | Depths:1 | Found a blossoming altar of Fedhas.
 48952 | Depths:1 | Found a one-way gate leading to the halls of Pandemonium.
 49266 | Depths:1 | Found a gateway to Hell.
 49396 | Depths:2 | Noticed Sojobo
 49993 | Depths:1 | Reached skill level 22 in Armour
 50131 | Depths:2 | Noticed Asterion
 50139 | Depths:1 | Received a gift from Trog
 50176 | Depths:2 | Identified the +1 chain mail "Melaekom" {rElec rC+}
 50531 | Depths:2 | Acquired the +12 tower shield "Ysulesuj" {Will+}
 50672 | Depths:2 | Killed Sojobo
 50699 | Depths:2 | Killed Asterion
 52055 | Depths:2 | Received a gift from Trog
 52389 | Depths:2 | Reached XP level 22. HP: 160/209 MP: 21/21
 52697 | Depths:3 | Paralysed by something for 7 turns
 52705 | Depths:3 | HP: 1/210 [fire giant/bolt of fire (14)]
 52708 | Depths:3 | Slain by a vampire knight

Illustrated notes

Levels and vault maps discovered:
D:1:      lightli_molten_gateway, layout_basic,
          ebering_ecumenical_altar_sacrificial
D:2:      layout_basic
D:3:      layout_loops_ring, kennysheep_generic_room_8, uniq_terence, uniq_robin
D:4:      layout_loops_ring
D:5:      layout_basic, minmay_temple_entry_ruins,
          gammafunk_ghost_abyssal_escape, nrook_loot_triangle,
          minmay_manual_mares
D:6:      layout_basic, uniq_duvessa, uniq_edmund
D:7:      layout_loops_cross, general_overflow_altar
D:8:      layout_cave_pools, serial_shops, nicolae_shop_stone, enter_ossuary_2,
          st_stairs_8
D:9:      layout_basic, erik_lair_island, zombieorc2_lemuel, uniq_maggie
D:10:     layout_grid_maze
D:11:     layout_cave_pods, enter_bailey_3
D:12:     layout_roguey, evilmike_minifort
D:13:     layout_cave_pods
D:14:     layout_roguey, lightli_vaults_fourway_checkpoint,
          grunt_decor_arrowhead, kennysheep_generic_room_14, uniq_roxanne
D:15:     grunt_enter_depths_snipers, layout_layer_cave, serial_shops, shop,
          nicolae_shop_waterfront, shop_fountains, shop
Temple:   dpeg_three_leaves_temple
Lair:1:   layout_misc_corridors, uniq_grum
Lair:2:   layout_small_grid, patterned_corridor, uniq_urug
Lair:3:   layout_misc_corridors, dummy_spider_entry, gauntlet_entry_generic
Lair:4:   layout_misc_corridors, minmay_swamp_entry_worms, special_room
          [special_room_mythical_zoo], minmay_shattered_shrine,
          grunt_megastairs_4, infiniplex_staircase_pool
Lair:5:   layout_roguey, ebering_ghost_xom, grunt_megastairs_5,
          infiniplex_staircase_pool_2, serial_bayou_shore_b,
          lemuel_fruit_fields, lemuel_fruit_fields
Lair:6:   minmay_lair_end_frog_pond, layout_concentric_octagons, slime_altar_2,
          cheibrodos_lair_lostbears
Swamp:1:  layout_falls_marsh, evilmike_swamp_ruin_house_6
Swamp:2:  layout_basic_swamp, portal_ice_cave_entry_ice_statue_two,
          evilmike_swamp_ruin_rubble_2, grunt_ruined_hall
Swamp:3:  layout_falls_marsh, gammafunk_ghost_cemetery,
          evilmike_swamp_ruin_house_4
Swamp:4:  byrel_swamp_growth_death_and_undeath, layout_basic_swamp, swamp_pool3
Spider:1: gammafunk_sealed_arena, uniq_donald
Spider:2: layout_spider_delve, drop_trap
Spider:3: layout_spider_delve, drop_trap
Spider:4: johnstein_spider_rune_arachne_lair, nicolae_spider_bzzzt, uniq_arachne
Orc:1:    layout_caves
Orc:2:    grunt_orc_cross, layout_caves, basic_altar
Vaults:1: ontoclasm_vaults_fault, dpeg_vaults_monster_box, vaults_room_boxed,
          hangedman_vaults_stretched_pinwheel,
          nicolae_vaults_network_quinsquares
          [nicolae_vaults_network_quincunx_subvault,
          nicolae_vaults_network_quincunx_subvault,
          nicolae_vaults_network_quincunx_subvault,
          nicolae_vaults_network_quincunx_subvault], hangedman_vaults_stagger,
          ontoclasm_vaults_gallery, v_misc_29, nicolae_vaults_network_square,
          vaults_room_semicircle, ontoclasm_vaults_misaligned,
          layout_vaults_omnicross, serial_shops, nicolae_shop_crystal
Vaults:2: ebering_vaults_ghost_xom, v_misc_13, v_rooms_6,
          ontoclasm_vaults_idyll, v_misc_30, layout_vaults_quadrants,
          minmay_crypt_entry_necro_gods, serial_shops,
          nicolae_shop_temple_entry_statues_fountains, uniq_nikola
Vaults:3: v_misc_14, v_rooms_2, vaults_mumra_hex, hangedman_vaults_stitches,
          grunt_vaults_hallway_short, v_misc_22, nicolae_vaults_specimen_jars,
          nicolae_vaults_little_squares_1, nicolae_vaults_angled_halls,
          nicolae_vaults_little_squares_2, nicolae_vaults_what_the_h,
          v_alt_pattern_2, v_misc_13, grunt_vaults_hallway_short,
          vaults_mumra_hexcomb, layout_vaults_ring, uniq_frederick
Vaults:4: v_misc_19, nicolae_vaults_stairing_the_circle,
          vaults_room_guarded_vault, v_misc_12, v_misc_13,
          nicolae_vaults_angled_halls, ontoclasm_vaults_ring_small,
          nicolae_vaults_alarming, layout_vaults_big_room, serial_shops,
          bzr_entry_islet
Vaults:5: serial_shops, uniq_margery
Depths:1: layout_cave_pools, grunt_hell_entry_dis_mu, minmay_misc_feat_rugged,
          grunt_pan_entry_sceptre, minmay_misc_feat_hallway, grunt_ministairs_1,
          fedhas_altar_3
Depths:2: hangedman_cross_stitches, layout_basic, minmay_misc_feat_five,
          hell_entry, infiniplex_staircase_door_maze, uniq_asterion, uniq_sojobo
Depths:3: minmay_the_grid_octo_tiled_octocenter_mashed
          [minmay_the_grid_octo_chip, minmay_the_grid_octo_tetromino_candy,
          minmay_the_grid_octo_empty, minmay_the_grid_octo_checkerflower,
          minmay_the_grid_octo_prize_single_spiral,
          minmay_the_grid_square_5x5_inverted_slash,
          minmay_the_grid_square_5x5_inner_z,
          minmay_the_grid_square_5x5_trominoes,
          minmay_the_grid_square_5x5_two_walls_b], layout_cave_pools,
          grunt_mini_vestibule, kennysheep_decorative_pillar,
          rand_demon_pan_entry_8, special_room [special_room_morgue]

Skill      XL: |  1  2  3  4  5  6  7  8  9 10 11 12 13 14 15 16 17 18 19 20 21 22 |
---------------+-------------------------------------------------------------------+-----
Armour         | 4 5 6 7 8 10 11 12 13 15 17 18 19 20 21 22 | 22.4
Maces & Flails | 3 4 5 7 8 10 11 13 14 15 16 17 18 | 18.0
Fighting       | 4 5 6 7 9 10 11 12 13 14 16 17 18 19 20 | 20.3
Shields        | 4 5 6 7 9 10 11 12 13 14 15 16 17 18 19 | 19.8
Throwing       | 1 4 5 6 7 8 10 11 12 13 14 | 14.2
Dodging        | 4 5 7 8 10 11 12 13 14 | 14.1

Action                   |  1- 3 |  4- 6 |  7- 9 | 10-12 | 13-15 | 16-18 | 19-21 | 22-24 || total
-------------------------+-------+-------+-------+-------+-------+-------+-------+-------++-------
Melee: Flail             |    66 |   153 |   413 |   468 |       |       |       |       ||  1100
       Headbutt          |     9 |    25 |   100 |   192 |   183 |   506 |   514 |     7 ||  1536
       Whip              |       |       |    43 |    40 |       |       |       |       ||    83
       Eveningstar       |       |       |       |   189 |   644 |  1543 |  1435 |    24 ||  3835
Throw: Dart              |       |       |    16 |    15 |       |       |       |       ||    31
       Boomerang         |       |       |       |     4 |    10 |    75 |     2 |       ||    91
Invok: Berserk           |     1 |     1 |     1 |     2 |       |     4 |     2 |       ||    11
       Trog's Hand       |       |       |     5 |    12 |    12 |    20 |    20 |     1 ||    70
       Brothers in Arms  |       |       |       |       |       |     3 |     1 |       ||     4
Evoke: Wand              |       |       |       |     5 |     1 |       |       |       ||     6
  Use: Scroll            |     1 |     6 |     9 |    14 |     3 |     6 |     2 |       ||    41
       Potion            |       |       |       |     2 |     3 |     5 |     3 |     1 ||    14
 Stab: Confused          |       |       |       |       |       |     1 |       |       ||     1
Armor: Scale mail        |    21 |       |       |       |       |       |       |       ||    21
       Chain mail        |    18 |    53 |       |       |       |       |       |       ||    71
       Plate armour      |       |    24 |   236 |   326 |   226 |   508 |   340 |    20 ||  1680
Dodge: Dodged            |    18 |    32 |    78 |   151 |   157 |   443 |   201 |     4 ||  1084
Block: Kite shield       |    38 |    74 |   237 |   553 |   575 |  1475 |  1636 |       ||  4588
       Reflection        |       |       |       |     1 |    21 |    29 |   103 |     8 ||   162
       Tower shield      |       |       |       |       |       |       |   348 |    41 ||   389

Table legend: (Time is in decaauts)
 A = Elapsed time spent in this place.
 B = Non-inter-level travel time spent in this place.
 C = Inter-level travel time spent in this place.
 D = Time resting spent in this place.
 E = Time spent auto-exploring this place.
 F = Levels seen in this place.
 G = Mean time per level.
                   A        B        C        D        E       F      G
               +--------+--------+--------+--------+--------+-----+--------+
         Total |  52462 |  48674 |   3788 |   5988 |  32574 |  46 | 1140.5 |
       Dungeon |  18817 |  17235 |   1582 |    907 |  13079 |  15 | 1254.5 |
        Temple |    113 |    113 |      0 |    100 |      0 |   1 |  113.0 |
          Lair |   8187 |   7346 |    841 |    633 |   5488 |   6 | 1364.5 |
         Swamp |   6055 |   5711 |    344 |   1283 |   3227 |   4 | 1513.8 |
   Spider Nest |   3516 |   3215 |    301 |    205 |   2223 |   4 |  879.0 |
  Orcish Mines |   1780 |   1647 |    133 |    248 |   1079 |   2 |  890.0 |
        Vaults |   7493 |   6988 |    505 |    820 |   4767 |   5 | 1498.6 |
        Depths |   4261 |   4181 |     80 |   1562 |   1742 |   3 | 1420.3 |
         Abyss |    113 |    113 |      0 |      0 |     14 |   1 |  113.0 |
        Bazaar |     90 |     90 |      0 |      0 |     50 |   1 |   90.0 |
       Ossuary |    397 |    397 |      0 |      0 |     57 |   1 |  397.0 |
        Bailey |    263 |    263 |      0 |      0 |    156 |   1 |  263.0 |
      Ice Cave |    832 |    832 |      0 |    229 |    343 |   1 |  832.0 |
      Gauntlet |    537 |    537 |      0 |      0 |    347 |   1 |  537.0 |
               +--------+--------+--------+--------+--------+-----+--------+

Top non-repeatable levels by time:
     D:9: 3123 daAuts
Depths:2: 2398 daAuts
 Swamp:4: 2251 daAuts
Vaults:4: 2032 daAuts
Vaults:1: 1976 daAuts
Vaults:2: 1896 daAuts
  Lair:4: 1862 daAuts
    D:15: 1703 daAuts
Depths:1: 1702 daAuts
  Lair:2: 1592 daAuts
 Swamp:3: 1588 daAuts
Vaults:3: 1582 daAuts
     D:5: 1560 daAuts
Spider:4: 1551 daAuts
  Lair:1: 1326 daAuts
